Map: Catalyst LE

Players

Weltall - Winner!

  • Race: Protoss Protoss
  • League: Master
  • Spawn Location: 11:00

Dessa

  • Race: Zerg Zerg
  • League: Diamond
  • Spawn Location: 5:00

VOD

Have the link to the VOD?

Description

Time

  • Played on: Dec. 18, 2017, 6:08 a.m.
  • Length: 6:15
Show
View Real Time Build Order
Export as new Build Order

Weltall Protoss - Winner!

Build Orders: 1 Gate Expand 

Get SALT Encoding   

  12  0:00  Probe  
  13  0:12  Probe  
  14  0:20  Pylon  
  14  0:25  Probe  
  15  0:42  Probe (Chrono Boost)  
  16  0:44  Gateway  
  17  0:51  Probe (Chrono Boost), Assimilator  
  17  0:57  Probe  
  18  1:10  Probe  
  19  1:34  Nexus  
  19  1:38  Cybernetics Core  
  19  1:39  Probe (Chrono Boost)  
  20  1:49  Assimilator  
  20  1:51  Probe (Chrono Boost)  
  21  1:57  Pylon  
  21  2:00  Probe  
  22  2:12  Probe  
  23  2:16  Stalker (Chrono Boost)  
  23  2:18  Warp Gate  
  25  2:25  Probe  
  26  2:37  Probe  
  26  2:45  Adept, Twilight Council  
  26  2:47  Probe  
  26  2:49  Probe  
  30  2:59  Robotics Facility  
  30  3:02  Probe  
  30  3:04  Probe  
  32  3:15  Probe (Chrono Boost)  
  32  3:16  Probe (Chrono Boost)  
  34  3:22  Charge  
  36  3:27  Probe (Chrono Boost)  
  36  3:29  Probe (Chrono Boost)  
  36  3:31  Pylon  
  36  3:34  Probe (Chrono Boost)  
  37  3:48  Probe x2, Warp Prism  
  41  4:03  Gateway x2  
  41  4:08  Gateway  
  39  4:16  Gateway x2  
  39  4:25  Gateway  
  39  4:26  Zealot, Gateway  
  41  4:37  Gateway  
  41  4:39  Pylon  
  41  4:40  Warp Prism (Chrono Boost)  
  43  4:48  Pylon  
  43  4:49  Pylon  
  43  4:54  Zealot  
  45  5:04  Zealot x2  
  45  5:05  Zealot  
  51  5:16  Zealot, Pylon  
  51  5:17  Pylon  
  51  5:18  Zealot x2  
  57  5:30  Zealot x2  
  57  5:31  Zealot x3  
  67  5:37  Pylon  
  67  5:44  Sentry  
  67  5:45  Zealot x2  
  67  5:46  Zealot  
  73  5:53  Zealot x2  
  73  6:00  Zealot x2  
  77  6:07  Zealot x2  
  77  6:08  Zealot  
Show
View Real Time Build Order
Export as new Build Order

Dessa Zerg 

Build Orders: Hatch First 

Get SALT Encoding   

  12  0:05  Drone  
  13  0:13  Overlord  
  13  0:22  Drone  
  14  0:31  Drone x2  
  16  0:38  Drone  
  17  1:00  Hatchery  
  17  1:02  Drone  
  17  1:12  Spawning Pool  
  17  1:15  Drone  
  17  1:18  Extractor  
  17  1:20  Drone  
  17  1:31  Drone  
  18  1:37  Drone  
  19  1:47  Drone  
  19  1:53  Overlord  
  20  2:01  Queen  
  22  2:11  Zergling x2  
  22  2:13  Zergling x2  
  22  2:14  Queen  
  26  2:17  Drone  
  27  2:27  Drone x2  
  29  2:36  Queen  
  31  2:43  Drone x2  
  33  2:46  Metabolic Boost  
  33  2:54  Queen  
  33  2:55  Overlord  
  35  3:00  Drone  
  36  3:06  Roach Warren  
  36  3:11  Drone  
  35  3:23  Drone x7  
  40  4:03  Drone x2  
  40  4:08  Zergling x2  
  40  4:09  Overlord x2  
  43  4:15  Lair  
  43  4:16  Overlord  
  43  4:24  Hatchery  
  42  4:33  Drone x2, Extractor  
  42  4:34  Drone x2  
  42  4:35  Drone, Overlord  
  42  4:37  Overlord  
  46  4:39  Drone x2  
  46  4:40  Drone  
  46  4:41  Extractor, Roach x2  
  46  4:42  Extractor  
  46  4:43  Roach  
  53  5:03  Drone x2  
  53  5:04  Drone, Evolution Chamber  
  53  5:07  Drone x2, Evolution Chamber  
  54  5:08  Drone x2  
  54  5:09  Drone  
  54  5:10  Overlord x2  
  54  5:13  Roach  
  61  5:24  Roach  
  63  5:30  Roach  
  63  5:33  Roach  
  67  5:40  Roach  
  67  5:41  Roach  
  67  5:45  Roach x3  
  67  5:46  Roach x2  
  76  5:52  Roach x2  
Tags
 
Add a new tag
Caveats
  • Supply blocks, unpowered buildings, or Contaminate may cause inaccurate times.
  • Supply counts are checked every 10 seconds.